 Dungeon Crawl Stone Soup version 0.27-a0-660-g90476cec82 (webtiles) character file.

Game seed: 11487710267623747275

25 robertstho the Stinger (level 2, -1/11 HPs)
             Began as a Felid Venom Mage on Mar 16, 2021.
             Slain by a goblin
             ... wielding a +0 dagger
              (3 damage)
             ... on level 2 of the Dungeon.
             The game lasted 00:01:17 (1420 turns).

robertstho the Stinger (Felid Venom Mage)           Turns: 1420, Time: 00:01:18

Health: -1/11      AC:  1    Str:  4    XL:     2   Next: 86%
Magic:  5/6        EV: 17    Int: 16    God:
Gold:   53         SH:  0    Dex: 16    Spells: 5/6 levels left
                                        Lives:  0   Deaths: 0

rFire    x . .     SeeInvis +   (weapon unavailable)
rCold    + . .     Faith    .   (shield unavailable)
rNeg     . . .     Spirit   .   (armour unavailable)
rPois    .         Reflect  .   (helmet unavailable)
rElec    .         Harm     .   (cloak unavailable)
rCorr    .         Rampage  .   (gloves unavailable)
Will     .....                  (boots unavailable)
Stlth    +++.......             (no amulet)
HPRegen  0.03/turn              a - ring of ice
MPRegen  0.10/turn              f - ring of wizardry

@: quick
A: very small, claws 1, fangs 3, see invisible, speed 1, shaggy fur 1, stealthy
paws, no weapons or thrown items, no armour, multi-lived
a: no special abilities


You were on level 2 of the Dungeon.
You visited 1 branch of the dungeon, and saw 2 of its levels.

You collected 53 gold pieces.

Inventory:

Jewellery
 a - a ring of ice (right paw)
 f - a ring of wizardry (left paw)
Scrolls
 b - 2 scrolls of identify {unknown}
Potions
 c - a potion of heal wounds {unknown}
 d - a potion of ambrosia {unknown}
 e - 2 potions of flight {unknown}
 g - a potion of brilliance {unknown}
 h - a potion of curing {unknown}


   Skills:
 + Level 2.7 Dodging
 * Level 2.9 Stealth
 * Level 2.7 Spellcasting
 * Level 1.3 Transmutations
 + Level 3.0 Poison Magic


You had 5 spell levels left.
You knew the following spells:

 Your Spells              Type           Power      Damage    Failure   Level
a - Sting                 Tmut/Pois      36%        1d4       3%          1

Your spell library contained the following spells:

 Spells                   Type           Power      Damage    Failure   Level
 Poisonous Vapours        Pois/Air       14%        N/A       6%          2
 Ignite Poison            Fire/Tmut/Pois 6%         N/A       13%         3
 Mephitic Cloud           Conj/Pois/Air  5%         N/A       16%         3
 Olgreb's Toxic Radiance  Pois           11%        N/A       22%         4


Dungeon Overview and Level Annotations

Branches:
Dungeon (2/15)

Altars:


Innate Abilities, Weirdness & Mutations

You have sharp claws.
You have razor-sharp teeth.
You have supernaturally acute eyesight. (SInv)
You cover ground quickly. (Speed+)
You are covered in fur. (AC +1)
Your stealthy paws help you sneak and pounce on unaware monsters.
You are incapable of wielding weapons or throwing items.
You cannot wear armour.
You gain extra lives every three experience levels.


Message History

There is a stone staircase leading down here.
You climb downwards.
A frilled lizard comes into view.
Found a fizzy brown potion and a white potion.
There is a stone staircase leading up here.
A frilled lizard is nearby!
A frilled lizard is nearby!
A frilled lizard is nearby!
A frilled lizard is nearby!
The frilled lizard hisses angrily.
The frilled lizard closely misses you.
You closely miss the frilled lizard. The frilled lizard closely misses you.
You scratch the frilled lizard but do no damage.
The frilled lizard misses you.
You closely miss the frilled lizard.
The frilled lizard completely misses you.
You scratch the frilled lizard.
You kill the frilled lizard!
e - 2 fizzy brown potions (gained 1)
h - a white potion A goblin comes into view.
It is wielding a +0 dagger.
A goblin is nearby!
A goblin is nearby!
A goblin is nearby!
The goblin shouts!
The goblin hits you with a +0 dagger.
You scratch the goblin but do no damage.
The goblin hits you with a +0 dagger.
You barely miss the goblin. The goblin hits you with a +0 dagger.
* * * LOW HITPOINT WARNING * * *
You are too injured to fight recklessly!
Casting: Sting (safe; 3% risk of failure)
Confirm with . or Enter, or press ? or * to list all spells.
Aiming: Sting (safe; 3% risk of failure)
Press: ? - help, Shift-Dir - straight line, f - goblin
Aim: a goblin, wielding a +0 dagger (40% to evade)
The sting hits the goblin.
The goblin is poisoned.
The goblin is severely wounded.
The goblin hits you with a +0 dagger.
You die...

..# ..## ...
#######.# ##
#.......# .# .
#...<...#
.###...
#.......#
##g....#
#.......# #@.#
#..†....###.##
#.......##..#
#.......##.##
##.#.......#
#...#######
#####


You could see a goblin (poisoned).

Vanquished Creatures
  3 dart slugs (D:1)
  A leopard gecko (D:1)
  4 bats (D:1)
  3 giant cockroaches (D:1)
  A goblin (D:1)
  A hobgoblin (D:1)
  2 frilled lizards
  4 rats (D:1)
19 creatures vanquished.

Notes
Turn   | Place    | Note
-------+----------+-------------------------------------------
     0 | D:1      | robertstho the Felid Venom Mage began the quest for the
                  | Orb.
     0 | D:1      | Reached XP level 1. HP: 7/7 MP: 4/4
   166 | D:1      | Reached XP level 2. HP: 9/11 MP: 0/6
  1189 | D:1      | Reached skill level 3 in Poison Magic
  1420 | D:2      | Slain by a goblin

Illustrated notes

Levels and vault maps discovered:
D:1:      mushboom_english_gardens, layout_loops_ring, roderic_roman_lattice,
          minivault_14, minmay_misc_feat_encased
D:2:      layout_rooms, uniq_natasha

Skill      XL: |  1  2 |
---------------+-------+-----
Poison Magic   | 3 |  3.0
Dodging        | |  2.7
Stealth        | |  2.9
Spellcasting   | |  2.7
Transmutations | |  1.3

Action                   || total
-------------------------++-------
Melee: Unarmed           ||    48
       Bite              ||     2
 Cast: Sting             ||    19
 Stab: Sleeping          ||     4
Armor: Skin              ||     5
Dodge: Dodged            ||    57

Table legend: (Time is in decaauts)
 A = Elapsed time spent in this place.
 B = Non-inter-level travel time spent in this place.
 C = Inter-level travel time spent in this place.
 D = Time resting spent in this place.
 E = Time spent auto-exploring this place.
 F = Levels seen in this place.
 G = Mean time per level.
                   A        B        C        D        E       F      G
               +--------+--------+--------+--------+--------+-----+--------+
         Total |   1304 |   1278 |     26 |      0 |   1142 |   2 |  652.0 |
       Dungeon |   1304 |   1278 |     26 |      0 |   1142 |   2 |  652.0 |
               +--------+--------+--------+--------+--------+-----+--------+

Top non-repeatable levels by time:
     D:1: 1283 daAuts
     D:2: 20 daAuts
